TOP OF THE 1ST |
West Virginia Power batting - Pitching for Fort Wayne TinCaps : LHP James Knapp
|
Pitching: LHP James Knapp
|
|
Batting: RHB Ken Manser
|
0-0: Ball 1-0: Ball 2-0: Ball 3-0: Called Strike 3-1: Swinging Strike 3-2: Foul Ball, location: 2F 3-2: Base on Balls
|
Batting: RHB Ricky Carbajal
|
0-0: Ball Ken Manser steals 2nd, throwing error, E2 Ken Manser to third 1-0: Ball 2-0: Ball 3-0: Base on Balls
|
Batting: RHB Mike Velazquez
|
0-0: Ball 1-0: Swinging Strike 1-1: Called Strike 1-2: Foul Ball, location: 2F 1-2: Strikes out looking Ricky Carbajal steals 2nd, throwing error, E2 Ken Manser scores Ricky Carbajal to third
|
Batting: LHB Gregg Kellerman
|
0-0: Swinging Strike 0-1: Foul Ball, location: 2F 0-2: Foul Ball, location: 2F 0-2: SINGLE (Groundball, 4D, EV 105.6 MPH) Ricky Carbajal scores
|
Batting: RHB Brandon White
|
0-0: Ball 1-0: Ball 2-0: Fly out, F8 (Flyball, 8RXD, EV 91.2 MPH)
|
Batting: LHB Ruben Garza
|
0-0: Called Strike 0-1: Swinging Strike 0-2: Ball 1-2: Foul Ball, location: 2F 1-2: Foul Ball, location: 2F 1-2: Ball 2-2: 2-RUN HOME RUN (Flyball, 9D, EV 97.5 MPH), Distance : 371 ft
|
Batting: LHB Joe Wise
|
0-0: Called Strike 0-1: Ball 1-1: Foul Ball, location: 2F 1-2: Strikes out swinging
|
Top of the 1st over - 4 runs, 2 hits, 2 errors, 0 left on base; West Virginia 4 - Fort Wayne 0 |
BOTTOM OF THE 1ST |
Fort Wayne TinCaps batting - Pitching for West Virginia Power : LHP Mario Flores
|
Pitching: LHP Mario Flores
|
|
Batting: RHB Dave McBain
|
0-0: Ball 1-0: Foul Ball, location: 2F 1-1: Ground out 6-3 (Groundball, 6, EV 78.8 MPH)
|
Batting: RHB John Freeman
|
0-0: Called Strike 0-1: Foul Ball, location: 2F 0-2: Ball 1-2: Foul Ball, location: 2F 1-2: Ball 2-2: SINGLE (Line Drive, 9S, EV 98.1 MPH)
|
Batting: LHB Carlos Cuellar
|
0-0: Called Strike 0-1: SINGLE (Groundball, 34S, EV 69.4 MPH) (infield hit) John Freeman to second
|
Batting: RHB Freddie Brown
|
0-0: Ball 1-0: Called Strike 1-1: Foul Ball, location: 2F 1-2: Foul Ball, location: 2F 1-2: Ball 2-2: Grounds into double play, 6-4-3 (Groundball, 6, EV 105.0 MPH)
|
Bottom of the 1st over - 0 runs, 2 hits, 0 errors, 1 left on base; West Virginia 4 - Fort Wayne 0 |
TOP OF THE 2ND |
West Virginia Power batting - Pitching for Fort Wayne TinCaps : LHP James Knapp
|
Batting: RHB Chris Beckham
|
0-0: Foul Ball, location: 2F 0-1: Ball 1-1: Ball 2-1: Ball 3-1: Called Strike 3-2: Foul Ball, location: 2F 3-2: Foul Ball, location: 2F 3-2: SINGLE (Groundball, 56D, EV 106.2 MPH)
|
Batting: RHB Terrence Wilson
|
0-0: SINGLE (Line Drive, 4M, EV 97.5 MPH) Chris Beckham to second
|
Batting: RHB Ken Manser
|
0-0: Foul Ball, location: 2F 0-1: Called Strike 0-2: Ball 1-2: Strikes out looking
|
Batting: RHB Ricky Carbajal
|
0-0: Foul Ball, location: 2F 0-1: Called Strike 0-2: Fielders Choice at 2nd, 4-6 (Groundball, 4, EV 88.8 MPH) Chris Beckham to third
|
Batting: RHB Mike Velazquez
|
0-0: Called Strike 0-1: Foul Ball, location: 2F 0-2: Ball 1-2: Strikes out swinging
|
Top of the 2nd over - 0 runs, 2 hits, 0 errors, 2 left on base; West Virginia 4 - Fort Wayne 0 |
BOTTOM OF THE 2ND |
Fort Wayne TinCaps batting - Pitching for West Virginia Power : LHP Mario Flores
|
Batting: RHB Hector Fernandez
|
0-0: Called Strike 0-1: Ball 1-1: Called Strike 1-2: Ball 2-2: Foul Ball, location: 2F 2-2: Ball 3-2: Base on Balls
|
Batting: SHB Yutaro Takahashi
|
0-0: Foul Ball, location: 2F 0-1: Swinging Strike 0-2: Strikes out swinging
|
Batting: RHB Phil McFadden
|
0-0: Ball 1-0: Ball 2-0: Called Strike 2-1: Ball 3-1: Fly out, F5 (Flyball, 5D, EV 91.2 MPH)
|
Batting: RHB Kyle Ashton
|
Pickoff Throw to First - Out! 1-3
|
Bottom of the 2nd over - 0 runs, 0 hits, 0 errors, 0 left on base; West Virginia 4 - Fort Wayne 0 |
TOP OF THE 3RD |
West Virginia Power batting - Pitching for Fort Wayne TinCaps : LHP James Knapp
|
Batting: LHB Gregg Kellerman
|
0-0: SINGLE (Groundball, 34D, EV 102.5 MPH)
|
Batting: RHB Brandon White
|
0-0: Ball 1-0: Ball 2-0: Swinging Strike 2-1: Foul Ball, location: 2F 2-2: 2-RUN HOME RUN (Line Drive, 7LD, EV 96.2 MPH), Distance : 352 ft
|
Pitching: RHP Jim Canady
|
|
Batting: LHB Ruben Garza
|
0-0: Ball 1-0: Fly out, F9 (Flyball, 9, EV 86.9 MPH)
|
Batting: LHB Joe Wise
|
0-0: Called Strike 0-1: Ball 1-1: Ball 2-1: Ball 3-1: Swinging Strike 3-2: Strikes out swinging
|
Batting: RHB Chris Beckham
|
0-0: Ball 1-0: Ball 2-0: Ball 3-0: Called Strike 3-1: SINGLE (Groundball, 56D, EV 98.1 MPH)
|
Batting: RHB Terrence Wilson
|
0-0: Swinging Strike 0-1: Foul Ball, location: 2F 0-2: SINGLE (Line Drive, 6M, EV 100.0 MPH) Chris Beckham to second Runner from 2nd tries for 3rd, SAFE, throw by CF made to third
|
Batting: RHB Ken Manser
|
0-0: Ball 1-0: Ball 2-0: Swinging Strike 2-1: Swinging Strike 2-2: Strikes out swinging
|
Top of the 3rd over - 2 runs, 4 hits, 0 errors, 2 left on base; West Virginia 6 - Fort Wayne 0 |
BOTTOM OF THE 3RD |
Fort Wayne TinCaps batting - Pitching for West Virginia Power : LHP Mario Flores
|
Batting: RHB Kyle Ashton
|
0-0: Foul Ball, location: 2F 0-1: Ball 1-1: Swinging Strike 1-2: Strikes out looking
|
Batting: RHB Ed Oake
|
0-0: Called Strike 0-1: Called Strike 0-2: Ball 1-2: Ball 2-2: Ground out U3 (Groundball, 3, EV 88.8 MPH)
|
Batting: RHB Dave McBain
|
0-0: Ball 1-0: Foul Ball, location: 2F 1-1: Ground out 4-3 (Groundball, 4M, EV 103.1 MPH)
|
Bottom of the 3rd over - 0 runs, 0 hits, 0 errors, 0 left on base; West Virginia 6 - Fort Wayne 0 |
TOP OF THE 4TH |
West Virginia Power batting - Pitching for Fort Wayne TinCaps : RHP Jim Canady
|
Batting: RHB Ricky Carbajal
|
0-0: Fly out, F4 (Popup, 4S, EV 71.9 MPH)
|
Batting: RHB Mike Velazquez
|
0-0: Ball 1-0: Called Strike 1-1: Ball 2-1: Swinging Strike 2-2: Strikes out swinging
|
Batting: LHB Gregg Kellerman
|
0-0: Called Strike 0-1: Ball 1-1: SINGLE (Line Drive, 8RS, EV 88.8 MPH)
|
Batting: RHB Brandon White
|
0-0: Ball 1-0: Ball 2-0: Foul Ball, location: 2F 2-1: Foul Ball, location: 2F 2-2: SINGLE (Flyball, 56D, EV 93.8 MPH) Gregg Kellerman to second
|
Batting: LHB Ruben Garza
|
0-0: Ball 1-0: Called Strike 1-1: Ball 2-1: Ball 3-1: Called Strike 3-2: SINGLE (Groundball, 6M, EV 100.6 MPH) Gregg Kellerman to third Brandon White to second Gregg Kellerman scores Brandon White to third
|
Batting: LHB Joe Wise
|
0-0: 3-RUN HOME RUN (Line Drive, 7LD, EV 91.9 MPH), Distance : 334 ft
|
Batting: RHB Chris Beckham
|
0-0: Called Strike 0-1: Foul Ball, location: 2F 0-2: Ball 1-2: Foul Ball, location: 2F 1-2: Ground out 6-3 (Groundball, 6, EV 86.2 MPH)
|
Top of the 4th over - 4 runs, 4 hits, 0 errors, 0 left on base; West Virginia 10 - Fort Wayne 0 |
BOTTOM OF THE 4TH |
Fort Wayne TinCaps batting - Pitching for West Virginia Power : LHP Mario Flores
|
Batting: RHB John Freeman
|
0-0: Ball 1-0: Ground out 6-3 (Groundball, 6, EV 105.0 MPH)
|
Batting: LHB Carlos Cuellar
|
0-0: Called Strike 0-1: Reached on error, E3 (Groundball, 23, EV 85.6 MPH)
|
Batting: RHB Freddie Brown
|
0-0: Ball 1-0: Foul Ball, location: 2F 1-1: Ball 2-1: Foul Ball, location: 2F 2-2: Foul Ball, location: 2F 2-2: Foul Ball, location: 2F 2-2: Fly out, F9 (Flyball, 9, EV 91.2 MPH)
|
Batting: RHB Hector Fernandez
|
0-0: Fly out, F5 (Line Drive, 5, EV 70.6 MPH)
|
Bottom of the 4th over - 0 runs, 0 hits, 1 error, 1 left on base; West Virginia 10 - Fort Wayne 0 |
TOP OF THE 5TH |
West Virginia Power batting - Pitching for Fort Wayne TinCaps : RHP Jim Canady
|
Batting: RHB Terrence Wilson
|
0-0: Called Strike 0-1: Foul Ball, location: 2F 0-2: Strikes out swinging
|
Batting: RHB Ken Manser
|
0-0: Fly out, F7 (Flyball, 7, EV 85.0 MPH)
|
Batting: RHB Ricky Carbajal
|
0-0: Ball 1-0: Called Strike 1-1: DOUBLE (Line Drive, 78D, EV 107.5 MPH)
|
Batting: RHB Mike Velazquez
|
0-0: Called Strike 0-1: Ball 1-1: SINGLE (Groundball, 56D, EV 95.0 MPH) Ricky Carbajal to third Runner from 3rd tries for Home, SAFE, throw by LF to home Mike Velazquez to second
|
Batting: LHB Gregg Kellerman
|
0-0: Foul Ball, location: 2F Balk! Mike Velazquez to third 0-1: Ball 1-1: Called Strike 1-2: Ball 2-2: Foul Ball, location: 2F 2-2: Ground out U3 (Groundball, 3, EV 90.6 MPH)
|
Top of the 5th over - 1 run, 2 hits, 0 errors, 1 left on base; West Virginia 11 - Fort Wayne 0 |
BOTTOM OF THE 5TH |
Fort Wayne TinCaps batting - Pitching for West Virginia Power : LHP Mario Flores
|
Batting: SHB Yutaro Takahashi
|
0-0: Called Strike 0-1: Ball 1-1: Swinging Strike 1-2: Ball 2-2: SINGLE (Line Drive, 56, EV 94.4 MPH)
|
Batting: RHB Phil McFadden
|
0-0: Ball 1-0: Ball Yutaro Takahashi is caught stealing 2nd base 2-4 2-0: Ball 3-0: Called Strike 3-1: Fly out, F4 (Popup, 4S, EV 74.4 MPH)
|
Batting: RHB Kyle Ashton
|
0-0: Called Strike 0-1: Called Strike 0-2: Strikes out looking
|
Bottom of the 5th over - 0 runs, 1 hit, 0 errors, 0 left on base; West Virginia 11 - Fort Wayne 0 |
TOP OF THE 6TH |
West Virginia Power batting - Pitching for Fort Wayne TinCaps : RHP Jim Canady
|
Batting: RHB Brandon White
|
0-0: Called Strike 0-1: Ball 1-1: Swinging Strike 1-2: Ball 2-2: SINGLE (Groundball, 56D, EV 94.4 MPH)
|
Pitching: RHP Nick Goodlow
|
|
Batting: LHB Ruben Garza
|
0-0: Called Strike 0-1: Foul Ball, location: 2F 0-2: Strikes out swinging
|
Batting: LHB Joe Wise
|
0-0: Fielders Choice at 2nd, 3-6 (Groundball, 3, EV 90.6 MPH)
|
Batting: RHB Chris Beckham
|
0-0: Ball 1-0: Called Strike 1-1: Called Strike 1-2: Strikes out looking
|
Top of the 6th over - 0 runs, 1 hit, 0 errors, 1 left on base; West Virginia 11 - Fort Wayne 0 |
BOTTOM OF THE 6TH |
Fort Wayne TinCaps batting - Pitching for West Virginia Power : LHP Mario Flores
|
Batting: RHB Ed Oake
|
0-0: Ball 1-0: Swinging Strike 1-1: Foul Ball, location: 2F 1-2: Strikes out swinging
|
Batting: RHB Dave McBain
|
0-0: Called Strike 0-1: SINGLE (Groundball, 25, EV 70.6 MPH) (infield hit)
|
Batting: RHB John Freeman
|
0-0: Called Strike Dave McBain is caught stealing 2nd base 2-4 0-1: Called Strike 0-2: Ball 1-2: Ball 2-2: Ground out 5-3 (Groundball, 5S, EV 73.1 MPH)
|
Bottom of the 6th over - 0 runs, 1 hit, 0 errors, 0 left on base; West Virginia 11 - Fort Wayne 0 |
TOP OF THE 7TH |
West Virginia Power batting - Pitching for Fort Wayne TinCaps : RHP Nick Goodlow
|
Batting: RHB Terrence Wilson
|
0-0: SINGLE (Groundball, 56S, EV 64.4 MPH) (infield hit)
|
Batting: RHB Ken Manser
|
0-0: Ball 1-0: Called Strike 1-1: Called Strike 1-2: Strikes out swinging
|
Batting: RHB Ricky Carbajal
|
0-0: Fly out, F8 (Flyball, 8RM, EV 94.4 MPH)
|
Batting: RHB Mike Velazquez
|
0-0: Ball 1-0: Called Strike 1-1: Ball 2-1: Swinging Strike 2-2: Ball 3-2: Strikes out swinging
|
Top of the 7th over - 0 runs, 1 hit, 0 errors, 1 left on base; West Virginia 11 - Fort Wayne 0 |
BOTTOM OF THE 7TH |
Fort Wayne TinCaps batting - Pitching for West Virginia Power : LHP Mario Flores
|
Batting: LHB Carlos Cuellar
|
0-0: Swinging Strike 0-1: Ball 1-1: Called Strike 1-2: Ball 2-2: Foul Ball, location: 2F 2-2: Foul Ball, location: 2F 2-2: Ground out 4-3 (Groundball, 4, EV 81.9 MPH)
|
Batting: RHB Freddie Brown
|
0-0: Ball 1-0: Foul Ball, location: 2F 1-1: Ball 2-1: Ball 3-1: SINGLE (Groundball, 6S, EV 66.2 MPH) (infield hit)
|
Batting: RHB Hector Fernandez
|
0-0: Ball 1-0: Called Strike 1-1: Ball 2-1: Called Strike 2-2: SINGLE (Line Drive, 7S, EV 95.6 MPH) Freddie Brown to second Freddie Brown to third
|
Batting: SHB Yutaro Takahashi
|
0-0: Fly out, F8 (Flyball, 8RXD, EV 94.4 MPH) Runner from 3rd tags up, SCORES, no throw by CF
|
Batting: RHB Phil McFadden
|
0-0: Called Strike Hector Fernandez steals 2nd base (no throw) 0-1: Reached on error, E3 (Groundball, 34S, EV 65.6 MPH) Hector Fernandez to third
|
Batting: RHB Kyle Ashton
|
0-0: Called Strike 0-1: Swinging Strike 0-2: Ball 1-2: DOUBLE (Groundball, 5L, EV 97.5 MPH) Hector Fernandez scores Phil McFadden to third Runner from 3rd tries for Home, SAFE, throw by LF to trailing runner, OUT at third! 7-3-5
|
Bottom of the 7th over - 3 runs, 3 hits, 1 error, 0 left on base; West Virginia 11 - Fort Wayne 3 |
TOP OF THE 8TH |
West Virginia Power batting - Pitching for Fort Wayne TinCaps : RHP Nick Goodlow
|
Pitching: LHP Darby Jones
|
|
Batting: LHB Gregg Kellerman
|
0-0: Ball 1-0: Foul Ball, location: 2F 1-1: Ball 2-1: Fly out, F8 (Flyball, 8RXD, EV 109.4 MPH)
|
Pitching: RHP Roger Brennan
|
|
Batting: RHB Brandon White
|
0-0: Ball 1-0: Ball 2-0: Ball 3-0: Called Strike 3-1: Called Strike 3-2: DOUBLE (Line Drive, 7LS, EV 100.0 MPH)
|
Batting: LHB Ruben Garza
|
0-0: Ball 1-0: Foul Ball, location: 2F 1-1: Ground out U3 (Groundball, 3L, EV 86.9 MPH) Brandon White to third
|
Batting: LHB Joe Wise
|
0-0: Ball 1-0: Foul Ball, location: 2F 1-1: Ball 2-1: Swinging Strike 2-2: Foul Ball, location: 2F 2-2: Strikes out swinging
|
Top of the 8th over - 0 runs, 1 hit, 0 errors, 1 left on base; West Virginia 11 - Fort Wayne 3 |
BOTTOM OF THE 8TH |
Fort Wayne TinCaps batting - Pitching for West Virginia Power : LHP Mario Flores
|
Pitching: RHP Robbie Knowles
|
|
Batting: RHB Ed Oake
|
0-0: Ground out 5-3 (Groundball, 56, EV 89.4 MPH)
|
Batting: RHB Dave McBain
|
0-0: Called Strike 0-1: Called Strike 0-2: Ball 1-2: Ball 2-2: Strikes out swinging
|
Batting: RHB John Freeman
|
0-0: Called Strike 0-1: Foul Ball, location: 2F 0-2: Ball 1-2: Ball 2-2: Strikes out looking
|
Bottom of the 8th over - 0 runs, 0 hits, 0 errors, 0 left on base; West Virginia 11 - Fort Wayne 3 |
TOP OF THE 9TH |
West Virginia Power batting - Pitching for Fort Wayne TinCaps : RHP Roger Brennan
|
Pitching: LHP Ismael Diaz
|
|
Batting: RHB Chris Beckham
|
0-0: Called Strike 0-1: Foul Ball, location: 2F 0-2: Ball 1-2: Strikes out looking
|
Batting: RHB Terrence Wilson
|
0-0: Called Strike 0-1: Foul Ball, location: 2F 0-2: Ball 1-2: Strikes out swinging
|
Batting: RHB Ken Manser
|
0-0: Called Strike 0-1: Ball 1-1: Swinging Strike 1-2: Ball 2-2: Strikes out swinging
|
Top of the 9th over - 0 runs, 0 hits, 0 errors, 0 left on base; West Virginia 11 - Fort Wayne 3 |
BOTTOM OF THE 9TH |
Fort Wayne TinCaps batting - Pitching for West Virginia Power : RHP Robbie Knowles
|
Batting: LHB Carlos Cuellar
|
0-0: Called Strike 0-1: Ball 1-1: Ball 2-1: Ball 3-1: Swinging Strike 3-2: Foul Ball, location: 2F 3-2: Foul Ball, location: 2F 3-2: SINGLE (Line Drive, 9LS, EV 110.6 MPH)
|
Batting: RHB Freddie Brown
|
0-0: Ball 1-0: Called Strike 1-1: Called Strike 1-2: Ball 2-2: Fielders Choice at 2nd, 4-6 (Groundball, 34, EV 84.4 MPH)
|
Batting: RHB Hector Fernandez
|
0-0: Called Strike 0-1: Fly out, F8 (Line Drive, 8LD, EV 93.1 MPH)
|
Batting: SHB Yutaro Takahashi
|
0-0: Called Strike 0-1: Ball 1-1: Called Strike 1-2: Ground out U3 (Groundball, 3, EV 83.8 MPH)
|
Bottom of the 9th over - 0 runs, 1 hit, 0 errors, 1 left on base; West Virginia 11 - Fort Wayne 3 |
|